 Dungeon Crawl Stone Soup version 0.26.1-11-gd32895ea62 (webtiles) character file.

Game seed: 6659745958050633335

1026 Zeld the Cutter (level 8, 0/50 HPs)
             Began as an Octopode Brigand on May 13, 2021.
             Slain by a killer bee (7 damage)
             ... on level 5 of the Dungeon.
             The game lasted 00:07:09 (7088 turns).

Zeld the Cutter (Octopode Brigand)                  Turns: 7088, Time: 00:07:10

Health: 0/50       AC:  1    Str: 13    XL:     8   Next: 23%
Magic:  8/8        EV: 13    Int: 13    God:
Gold:   201        SH:  0    Dex: 13    Spells: 7/7 levels left

rFire    . . .     SeeInvis .   a - +2 dagger
rCold    . . .     Faith    .   (no shield)
rNeg     . . .     Spirit   .   (helmet restricted)
rPois    .         Reflect  .   (no amulet)
rElec    .         Harm     .   (no ring)
rCorr    .         Rampage  .   (no ring)
Will     .....                  (no ring)
Stlth    ++++......             (no ring)
HPRegen  0.16/turn              (no ring)
MPRegen  0.11/turn              (no ring)
                                (no ring)
                                (no ring)

@: mighty
A: almost no armour, stealthy swim, amphibious, 8 rings, constrict 8, camouflage
1, gelatinous body 1
a: no special abilities


You were on level 5 of the Dungeon.
You visited 1 branch of the dungeon, and saw 5 of its levels.

You collected 201 gold pieces.

Inventory:

Hand Weapons
 a - a +2 dagger (weapon)
 v - a +0 short sword of venom
Missiles
 c - 2 curare-tipped darts
 w - 7 poisoned darts (quivered)
Armour
 n - a +2 hat
Jewellery
 y - a cursed amulet of inaccuracy {unknown}
Wands
 s - a wand of polymorph (8)
Scrolls
 d - a scroll of teleportation {unknown}
 g - a scroll of fear {unknown}
 h - 4 scrolls of random uselessness {unknown}
 i - 4 scrolls of remove curse {unknown}
 l - a scroll of enchant weapon {unknown}
 m - a scroll of enchant armour {unknown}
 q - 2 scrolls of amnesia {unknown}
 r - a scroll of blinking {unknown}
 x - 2 scrolls of identify {unknown}
Potions
 b - a potion of attraction {unknown}
 e - a potion of cancellation {unknown}
 f - a potion of heal wounds {unknown}
 o - a potion of invisibility {unknown}
 t - a potion of lignification {unknown}
 u - a potion of mutation {unknown}


   Skills:
 - Level 2.0 Fighting
 * Level 7.6 Short Blades
 - Level 6.0 Throwing
 - Level 1.0 Dodging
 - Level 5.3 Stealth


You had 7 spell levels left.
You didn't know any spells.
Your spell library contained the following spells:

 Spells                   Type           Power        Failure   Level
 Corona                   Hex            0%           30%         1
 Ensorcelled Hibernation  Hex/Ice        0%           43%         2
 Confusing Touch          Hex            0%           67%         3
 Dazzling Flash           Conj/Hex       0%           67%         3
 Tukima's Dance           Hex            0%           67%         3


Dungeon Overview and Level Annotations

Branches:
Dungeon (5/15)
 Temple: D:4-7

Altars:


Innate Abilities, Weirdness & Mutations

You cannot wear most types of armour.
You are very stealthy in the water. (Stealth+)
You are amphibious.
You can wear up to eight rings at the same time.
You can use your tentacles to constrict eight enemies at once.
Your skin changes colour to match your surroundings (Stealth+).
Your rubbery body absorbs attacks. (AC +1, EV +1)


Message History

* * * LOW HITPOINT WARNING * * *
The killer bee stings you.
* * * LOW HITPOINT WARNING * * *
You are poisoned.
The killer bee poisons you! The killer bee misses you.
You feel better. The killer bee closely misses you.
The killer bee completely misses you. The killer bee closely misses you.
The killer bee misses you.
You feel better. The killer bee barely misses you.
The killer bee completely misses you. The killer bee stings you.
The killer bee stings you!
* * * LOW HITPOINT WARNING * * *
You feel better. The killer bee closely misses you. The killer bee stings you.
* * * LOW HITPOINT WARNING * * *
The killer bee closely misses you. The killer bee barely misses you.
You feel better. The killer bee stings you. The killer bee barely misses you.
The killer bee stings you!
* * * LOW HITPOINT WARNING * * *
The killer bee stings you!
You die...

. ###########
....#######.........##
.........y@..........##
.y.######y............###
#####.########..## ###
###.## ##.# #.# #.# ##.#
##.##


You could see 2 killer bees.

Vanquished Creatures
  Sigmund (D:4)
  Purgy (D:4)
  An ogre (D:4)
  A centaur (D:5)
  3 scorpions (D:4)
  A killer bee (D:5)
  2 hounds (D:4)
  Ijyb (D:3)
  Jessica (D:2)
  An orc wizard (D:3)
  4 worker ants
  A howler monkey zombie (D:5)
  6 adders
  2 oozes
  2 worms
  3 dart slugs
  7 leopard geckos
  10 orcs
  9 bats
  5 giant cockroaches
  7 goblins
  8 hobgoblins
  6 jackals
  A quokka (D:4)
  A ball python (D:3)
  7 frilled lizards
  3 kobolds (D:2)
  3 leopard gecko skeletons (D:4)
  6 rats
104 creatures vanquished.

Vanquished Creatures (others)
  13 plants (D:4)
13 creatures vanquished.

Grand Total: 117 creatures vanquished

Notes
Turn   | Place    | Note
-------+----------+-------------------------------------------
     0 | D:1      | Zeld the Octopode Brigand began the quest for the Orb.
     0 | D:1      | Reached XP level 1. HP: 14/14 MP: 1/1
   115 | D:1      | Reached XP level 2. HP: 19/19 MP: 2/2
   624 | D:1      | Reached XP level 3. HP: 19/24 MP: 3/3
  1122 | D:2      | Noticed Jessica
  1126 | D:2      | Killed Jessica
  1127 | D:2      | Reached XP level 4. HP: 26/29 MP: 4/4
  1651 | D:2      | Reached skill level 5 in Throwing
  1737 | D:2      | Reached XP level 5. HP: 34/34 MP: 5/5
  2722 | D:3      | Noticed Ijyb
  2736 | D:3      | Killed Ijyb
  3181 | D:4      | Noticed Sigmund
  3721 | D:4      | Noticed Purgy
  4086 | D:4      | Killed Sigmund
  4087 | D:4      | Reached skill level 4 in Short Blades
  4087 | D:4      | Reached XP level 6. HP: 25/39 MP: 6/6
  4294 | D:4      | Killed Purgy
  4295 | D:4      | Reached skill level 5 in Short Blades
  4295 | D:4      | Reached XP level 7. HP: 25/45 MP: 7/7
  5014 | D:4      | Reached skill level 6 in Short Blades
  6507 | D:4      | Reached XP level 8. HP: 50/50 MP: 8/8
  6722 | D:5      | Entered Level 5 of the Dungeon
  6733 | D:5      | Reached skill level 7 in Short Blades
  7088 | D:5      | Slain by a killer bee

Illustrated notes

Levels and vault maps discovered:
D:1:      minmay_arrival_cross, layout_loops_ring
D:2:      layout_basic, hangedman_decor_points, uniq_jessica
D:3:      layout_basic, serial_bayou_pond_d, uniq_ijyb
D:4:      wad_lake_hut, layout_layer_cave, minmay_fractal_squares_gapless_5,
          uniq_sigmund, uniq_purgy
D:5:      kennysheep_kobold_camp, layout_layer_cave

Skill      XL: |  1  2  3  4  5  6  7  8 |
---------------+-------------------------+-----
Throwing       | 3 4 5 6 |  6.0
Short Blades   | 4 5 6 7 |  7.6
Fighting       | |  2.0
Dodging        | |  1.0
Stealth        | |  5.3

Action                   |  1- 3 |  4- 6 |  7- 9 || total
-------------------------+-------+-------+-------++-------
Melee: Dagger            |    48 |   111 |    86 ||   245
       Constrict         |    10 |    32 |    13 ||    55
       Tentacles         |     8 |    20 |    15 ||    43
       Short sword       |       |    10 |       ||    10
Throw: Dart              |       |     8 |     2 ||    10
  Use: Potion            |       |     1 |     7 ||     8
       Scroll            |       |       |     1 ||     1
 Stab: Sleeping          |    11 |    11 |     5 ||    27
Armor: Skin              |     2 |     9 |     2 ||    13
Dodge: Dodged            |    16 |    73 |    66 ||   155
